Map: Costas tropicales

Players

MrFercho

  • Race: Terran Terran
  • Spawn Location: 0:00

tigro

  • Race: Terran Terran
  • Spawn Location: 12:00

PapaSmurf - Winner!

  • Race: Protoss Protoss
  • Spawn Location: 5:00

sHUTDoWn - Winner!

  • Race: Zerg Zerg
  • Spawn Location: 6:00

VOD

Have the link to the VOD?

Description

Time

  • Played on: July 5, 2019, 11:44 p.m.
  • Length: 6:39
Show
View Real Time Build Order
Export as new Build Order

MrFercho Terran 

Build Orders:  

Get SALT Encoding   

  12  0:02  SCV  
  14  0:14  SCV  
  14  0:23  Supply Depot  
  14  0:40  SCV  
  15  0:52  Barracks  
  15  0:53  SCV  
  15  0:55  Refinery  
  16  1:05  SCV  
  17  1:30  SCV  
  18  1:37  Supply Depot  
  18  1:42  SCV  
  18  1:47  Bunker  
  19  1:51  Barracks Tech Lab, Engineering Bay  
  19  2:13  Marauder  
  21  2:34  Reaper  
  1  3:19  SCV  
Show
View Real Time Build Order
Export as new Build Order

tigro Terran 

Build Orders:  

Get SALT Encoding   

  12  0:03  SCV  
  13  0:19  Supply Depot, SCV  
  14  0:34  Refinery  
  14  0:39  Refinery  
  14  0:55  SCV  
  14  0:56  Barracks  
  15  1:07  SCV  
  16  1:16  Supply Depot  
  16  1:30  SCV  
  17  1:42  SCV  
  17  1:45  Barracks  
  18  1:51  Engineering Bay  
  18  1:52  Marine  
  19  2:10  Marine  
  20  2:28  Marine  
  20  2:30  Planetary Fortress  
  18  2:38  Reaper  
  19  2:46  Marine  
  20  3:03  Marine  
  19  3:10  Reaper  
  20  3:21  Marine  
  21  3:39  Marine  
  22  3:42  Reaper  
  19  3:57  Marine  
  16  4:15  Reaper  
  12  4:47  Reaper  
Show
View Real Time Build Order
Export as new Build Order

PapaSmurf Protoss - Winner!

Build Orders: Cannon Rush 

Get SALT Encoding   

  13  0:09  Pylon  
  12  0:21  Probe  
  13  0:29  Forge  
  13  0:35  Probe  
  14  0:47  Probe  
  15  0:59  Probe  
  15  1:00  Pylon  
  16  1:07  Probe  
  17  1:18  Photon Cannon  
  17  1:37  Pylon  
  17  1:46  Pylon  
  17  1:49  Photon Cannon  
  17  1:56  Photon Cannon  
  17  2:00  Photon Cannon  
  17  2:06  Photon Cannon  
  17  2:15  Probe  
  18  2:24  Photon Cannon  
  18  2:27  Probe  
  19  2:35  Pylon  
  19  2:44  Pylon  
  19  2:57  Photon Cannon  
  19  3:00  Pylon  
  19  3:17  Photon Cannon  
  19  3:24  Photon Cannon  
  19  3:28  Photon Cannon  
  19  3:45  Pylon  
  19  3:51  Photon Cannon  
  19  4:06  Photon Cannon  
  19  4:16  Nexus  
  19  4:37  Photon Cannon  
  19  4:50  Photon Cannon  
  19  4:53  Photon Cannon  
  19  5:00  Pylon  
  19  5:31  Photon Cannon  
  19  5:36  Photon Cannon  
  19  5:41  Photon Cannon  
  19  5:53  Probe  
  19  5:54  Photon Cannon, Probe  
  20  6:02  Probe x2  
  20  6:03  Assimilator  
  21  6:07  Assimilator  
  21  6:10  Gateway  
  23  6:11  Probe x2  
  23  6:18  Photon Cannon  
  25  6:21  Photon Cannon  
  25  6:24  Photon Cannon  
Show
View Real Time Build Order
Export as new Build Order

sHUTDoWn Zerg - Winner!

Build Orders: Pool Only 

Get SALT Encoding   

  12  0:20  Spawning Pool  
  11  0:24  Extractor  
  10  0:31  Overlord  
  10  0:42  Drone  
  11  0:52  Drone  
  12  1:07  Zergling x6  
  15  1:20  Zergling x2  
  16  1:26  Metabolic Boost  
  16  1:29  Zergling x2  
  17  1:43  Zergling x2  
  18  1:50  Zergling x2  
  19  2:01  Zergling x2  
  20  2:21  Zergling x2  
  21  2:40  Zergling x2  
  22  2:49  Overlord x2  
  22  3:38  Zergling x6  
  16  3:52  Drone  
  16  3:55  Roach Warren  
  16  4:01  Zergling x2  
  16  4:12  Queen  
  16  4:13  Zergling x2  
  20  4:18  Evolution Chamber  
  19  4:37  Zergling x4  
  21  4:45  Zerg Melee Weapons Level 1  
  21  4:48  Zergling x2  
  21  5:09  Zergling x2  
  21  5:10  Zergling x2  
  22  5:16  Zergling x2  
  22  5:30  Zergling x2  
  23  5:48  Zergling x4  
  25  5:58  Zergling x2  
  25  6:03  Zergling x6  
Tags
 
Add a new tag
Caveats
  • Supply blocks, unpowered buildings, or Contaminate may cause inaccurate times.
  • Supply counts are checked every 10 seconds.